Map: Frost LE

Players

Fropez

  • Race: Protoss Protoss
  • League: Silver
  • Spawn Location: 5:00

Tanoshii - Winner!

  • Race: Zerg Zerg
  • League: Bronze
  • Spawn Location: 1:00

VOD

Have the link to the VOD?

Description

Time

  • Played on: May 24, 2016, 12:22 p.m.
  • Length: 12:40
Show
View Real Time Build Order
Export as new Build Order

Fropez Protoss 

Build Orders:  

Get SALT Encoding   

  12  0:05  Probe (Chrono Boost)  
  13  0:15  Pylon  
  13  0:18  Probe (Chrono Boost)  
  14  0:29  Probe (Chrono Boost)  
  15  0:40  Probe (Chrono Boost)  
  16  0:44  Gateway  
  16  0:54  Pylon  
  16  0:58  Assimilator  
  16  0:59  Probe (Chrono Boost)  
  17  1:08  Assimilator  
  17  1:09  Probe (Chrono Boost)  
  18  1:12  Pylon  
  18  1:20  Probe (Chrono Boost)  
  20  1:35  Forge  
  20  1:39  Cybernetics Core  
  19  1:41  Probe (Chrono Boost)  
  20  1:48  Zealot (Chrono Boost)  
  20  1:51  Probe  
  23  2:03  Probe  
  24  2:15  Photon Cannon  
  24  2:42  Zealot (Chrono Boost)  
  25  3:01  Mothership Core  
  22  3:22  Probe  
  23  3:32  Nexus  
  23  3:34  Probe  
  23  3:41  Warp Gate (Chrono Boost)  
  24  3:46  Probe  
  25  3:54  Assimilator  
  25  3:58  Probe  
  26  4:07  Gateway  
  26  4:12  Gateway  
  26  4:24  Pylon  
  26  4:25  Probe  
  26  4:30  Pylon  
  27  4:37  Probe  
  28  4:49  Probe x2  
  30  4:53  Assimilator  
  30  4:55  Assimilator, Protoss Ground Weapons Level 1 (Chrono Boost)  
  30  5:02  Probe  
  30  5:03  Probe  
  32  5:14  Probe  
  33  5:17  Probe  
  34  5:34  Adept x3  
  40  5:40  Probe  
  41  5:45  Probe  
  42  5:56  Stalker x3  
  48  6:02  Pylon  
  48  6:05  Pylon  
  48  6:07  Probe  
  48  6:08  Pylon, Probe  
  50  6:21  Probe x2  
  50  6:22  Pylon  
  50  6:53  Stalker  
  50  6:54  Stalker x2  
  54  6:59  Probe  
  54  7:00  Probe  
  54  7:03  Gateway  
  54  7:06  Protoss Ground Armor Level 1 (Chrono Boost)  
  54  7:07  Gateway  
  54  7:13  Probe  
  54  7:14  Probe  
  56  7:29  Stalker x3  
  62  7:31  Pylon  
  62  7:33  Pylon  
  62  7:37  Photon Cannon  
  62  7:42  Probe  
  62  7:43  Probe  
  63  7:45  Pylon  
  64  7:52  Protoss Air Weapons Level 1 (Chrono Boost)  
  64  7:53  Probe  
  64  7:55  Probe  
  66  8:00  Stargate  
  66  8:03  Probe, Stargate  
  67  8:07  Probe  
  67  8:08  Pylon  
  68  8:14  Probe  
  68  8:19  Pylon  
  70  8:20  Probe  
  70  8:25  Probe  
  71  8:31  Stalker x2  
  71  8:32  Stalker x3  
  81  8:47  Twilight Council, Probe  
  81  8:48  Probe  
  82  8:52  Photon Cannon  
  82  8:53  Photon Cannon  
  83  9:00  Probe  
  84  9:15  Probe x2  
  86  9:23  Pylon  
  86  9:24  Stalker x2  
  86  9:31  Nexus  
  90  9:36  Void Ray (Chrono Boost)  
  94  9:42  Void Ray (Chrono Boost)  
  98  9:46  Blink  
  98  9:51  Protoss Air Armor Level 1  
  98  9:55  Protoss Ground Weapons Level 2  
  96  10:28  Photon Cannon  
  90  10:35  Pylon  
  90  10:37  Pylon  
  90  10:39  Pylon  
  86  10:45  Pylon  
  72  10:58  Stalker  
  72  10:59  Stalker x4  
  74  11:33  Zealot x2  
  74  12:03  Stalker x2  
  78  12:13  Gateway  
  78  12:14  Gateway  
  78  12:15  Photon Cannon  
  78  12:18  Pylon  
  78  12:23  Gateway  
  78  12:28  Photon Cannon  
  78  12:29  Photon Cannon  
  76  12:34  Stalker  
Show
View Real Time Build Order
Export as new Build Order

Tanoshii Zerg - Winner!

Build Orders: Pool First 

Get SALT Encoding   

  12  0:01  Drone  
  13  0:13  Overlord  
  13  0:18  Drone  
  14  0:31  Drone x2  
  16  0:37  Drone  
  17  0:50  Spawning Pool  
  17  0:52  Drone  
  17  1:09  Extractor, Overlord  
  16  1:27  Hatchery  
  15  1:33  Extractor  
  15  1:37  Zergling x6  
  17  1:52  Zergling x2  
  18  2:10  Zergling x4  
  18  2:11  Queen  
  22  2:22  Drone  
  20  2:59  Drone  
  20  3:00  Drone x2  
  22  3:19  Metabolic Boost  
  22  3:23  Drone x2  
  23  3:29  Queen  
  25  3:46  Roach Warren  
  25  3:48  Extractor, Drone  
  23  3:49  Drone x3  
  23  3:53  Drone  
  28  3:58  Hatchery  
  27  4:04  Zergling x4  
  29  4:12  Drone x3  
  32  4:19  Drone  
  32  4:22  Overlord  
  33  4:37  Pneumatized Carapace  
  33  4:44  Drone  
  33  4:45  Drone x5  
  39  5:02  Drone x5  
  44  5:20  Drone  
  44  5:21  Drone x3  
  48  5:24  Spore Crawler  
  48  5:25  Extractor  
  48  5:27  Extractor  
  48  5:28  Spore Crawler  
  44  5:38  Roach  
  44  5:39  Roach x2  
  50  5:43  Overlord  
  50  5:52  Overlord x2  
  50  6:01  Queen  
  50  6:03  Roach  
  58  6:04  Roach x2  
  58  6:10  Lair  
  58  6:12  Roach x2  
  62  6:24  Roach x2  
  65  6:50  Roach  
  66  6:55  Drone  
  66  6:56  Drone x4  
  71  7:05  Evolution Chamber  
  71  7:07  Evolution Chamber  
  69  7:17  Overlord x3  
  69  7:20  Glial Reconstitution  
  69  7:27  Hydralisk Den  
  68  7:30  Drone  
  68  7:32  Drone x2  
  71  7:40  Drone x2  
  71  7:43  Zerg Ground Armor Level 1, Zerg Missile Weapons Level 1  
  73  7:53  Overlord x2  
  73  7:54  Roach  
  73  7:55  Roach  
  77  8:00  Overseer  
  77  8:05  Muscular Augments  
  77  8:10  Drone x4  
  81  8:16  Drone x5  
  81  8:17  Hydralisk x5  
  96  8:22  Overseer  
  96  8:40  Overseer  
  96  8:50  Overseer  
  96  8:54  Hydralisk  
  96  8:55  Hydralisk x7  
  112  9:17  Overlord x7  
  112  9:25  Nydus Network  
  112  9:28  Hydralisk  
  113  9:41  Drone x4  
  113  9:42  Drone  
  113  9:44  Extractor, Drone x2  
  113  9:45  Extractor  
  118  9:47  Drone x2  
  118  9:48  Drone  
  118  9:52  Ravager x4  
  125  9:53  Ravager x2  
  125  9:54  Roach  
  125  9:55  Roach x6  
  141  10:07  Overlord x2  
  141  10:10  Zerg Missile Weapons Level 2  
  141  10:17  Hatchery  
  141  10:21  Hydralisk x3  
  140  10:22  Extractor  
  135  10:48  Hydralisk x6  
  130  11:06  Roach  
  130  11:07  Roach x6  
  136  11:28  Drone x3  
  136  11:29  Drone x3  
  142  11:44  Roach x6  
  146  12:05  Hydralisk x4  
  146  12:06  Hydralisk x8  
  172  12:22  Overlord  
Tags
 
Matchup
PvZ
Opening
Pool First
Replay Pack
All Mines
Spawn Locations
Close Positions
Add a new tag
Caveats
  • Supply blocks, unpowered buildings, or Contaminate may cause inaccurate times.
  • Supply counts are checked every 10 seconds.